 Dungeon Crawl Stone Soup version 0.22.0-38-g04b72b8c25 (webtiles) character file.

51 Freyura the Sneak (level 3, 0/27 HPs)
             Began as a Vampire Assassin on Aug 26, 2018.
             Killed by divine providence
             ... invoked by an orc priest
              (15 damage)
             ... on level 3 of the Dungeon.
             The game lasted 00:06:31 (1359 turns).

Freyura the Sneak (Vampire Assassin)                Turns: 1359, Time: 00:06:32

Health: 0/27       AC:  3    Str: 10    XL:     3   Next: 58%
Magic:  3/3        EV: 13    Int: 13    God:
Gold:   42         SH:  0    Dex: 18    Spells: 2/2 levels left

rFire    . . .     SeeInvis +   a - +3 dagger
rCold    + . .     Gourm    .   (no shield)
rNeg     + + .     Faith    .   c - +0 robe
rPois    +         Spirit   .   (no helmet)
rElec    .         Reflect  .   d - +0 cloak
rCorr    .         Harm     .   (no gloves)
MR       .....     Rnd*Tele +   (no boots)
Stlth    +++++.....             (no amulet)
HPRegen  0.04/turn              (no ring)
MPRegen  0.08/turn              (no ring)

@: regenerating slowly
A: fangs 3, thin skeletal structure 1, see invisible, teleportitis 1,
unbreathing
a: Bat Form


You were on level 3 of the Dungeon.
You were thirsty.

You visited 1 branch of the dungeon, and saw 3 of its levels.

You collected 42 gold pieces.

Inventory:

Hand Weapons
 a - a +3 dagger (weapon)
 b - a +0 blowgun
Missiles
 e - 8 poisoned needles
 f - 2 curare-tipped needles
Armour
 c - a +0 robe (worn)
 d - a +0 cloak (worn)
Scrolls
 h - a scroll of immolation {unknown}
 i - a scroll of identify {unknown}
Potions
 g - a potion of blood
 j - a potion of agility {unknown}
 k - a potion of mutation


   Skills:
 + Level 2.2 Fighting
 * Level 3.3 Short Blades
 - Level 1.5 Throwing
 + Level 1.9 Dodging
 + Level 6.3 Stealth


You had 2 spell levels left.
You didn't know any spells.
Your spell library was empty.

Dungeon Overview and Level Annotations

Branches:
Dungeon (3/15)

Altars:
Zin


Innate Abilities, Weirdness & Mutations

You heal slowly.
You have razor-sharp teeth.
You have supernaturally acute eyesight. (SInv)
You can survive without breathing.
You have a somewhat thin skeletal structure. (Dex +2, Stealth)
You are occasionally teleported next to monsters.


Message History

The bat hits you.
Found a stone staircase leading down.
The bat hits you. The bat misses you.
The orc priest shouts!
The goblin shouts!
The bat hits you but does no damage. The bat completely misses you.
An adder comes into view.
The bat hits you but does no damage. The bat hits you but does no damage.
An orc comes into view.
The goblin hits you with a dagger. The bat hits you but does no damage.
The adder hisses angrily.
The bat barely misses you. The orc priest misses you.
The bat barely misses you. The bat closely misses you. The bat misses you.
The bat hits you but does no damage. The bat hits you.
The bat hits you but does no damage.
The orc priest invokes the aid of Beogh against you.
Beogh smites you!
Ouch! That really hurt!
You die...

#......# #......#
.# #......# .#
#......###.#
#..........#
#......###.##
#....o......#
#....o..b...#
.....K.(gSb@>.+
..........o....#
...............#
...............#
............o...#
..............#
##...........#
#####.......#


You could see an orc priest, an orc wizard, an adder, 2 orcs, a goblin, 2 bats
and a kobold.

Vanquished Creatures
  An adder (D:2)
  A worm (D:2)
  A dart slug (D:1)
  3 leopard geckos
  2 giant cockroaches
  3 goblins (D:1)
  7 hobgoblins
  A jackal (D:1)
  4 kobolds (D:1)
  5 bats (D:1)
  A frilled lizard (D:1)
  3 rats (D:1)
32 creatures vanquished.

Notes
Turn   | Place    | Note
-------+----------+-------------------------------------------
     0 | D:1      | Freyura the Vampire Assassin began the quest for the Orb.
     0 | D:1      | Reached XP level 1. HP: 16/16 MP: 1/1
   120 | D:1      | Reached skill level 6 in Stealth
   128 | D:1      | Reached XP level 2. HP: 22/22 MP: 2/2
   617 | D:1      | Reached XP level 3. HP: 27/27 MP: 3/3
  1020 | D:2      | Found a glowing silver altar of Zin.
  1040 | D:2      | Gained mutation: You are weak. (Str -2) [potion of mutation]
  1040 | D:2      | Gained mutation: You are occasionally teleported next to monsters. [potion of mutation]
  1040 | D:2      | Lost mutation: You are weak. (Str -2) [potion of mutation]
  1040 | D:2      | Gained mutation: You have a somewhat thin skeletal structure. (Dex +2, Stealth) [potion of mutation]
  1359 | D:3      | Killed from afar by an orc priest

Skill      XL: |  1  2 |
---------------+-------+-----
Stealth        | 6 |  6.3
Fighting       | 2 |  2.2
Short Blades   | 3 |  3.3
Throwing       | |  1.5
Dodging        | |  1.9

Action                   || total
-------------------------++-------
Melee: Dagger            ||    85
       Bite              ||     5
  Use: Potion            ||     4
       Scroll            ||     2
 Stab: Sleeping          ||    10
Armor: Robe              ||    30
Dodge: Dodged            ||    51
